 Dungeon Crawl Stone Soup version 0.19.3-1-g3169bf9 (webtiles) character file.

3451 Lahna the Covert (level 9, -4/41 HPs)
             Began as a Spriggan Enchanter on Jan 24, 2017.
             Was a Follower of Dithmenos.
             Slain by a killer bee (5 damage)
             ... on level 9 of the Dungeon.
             The game lasted 00:20:17 (7878 turns).

Lahna the Covert (Spriggan Enchanter)               Turns: 7878, Time: 00:20:18

Health: -4/41      AC:  4    Str:  9    XL:     9   Next: 78%
Magic:  3/18       EV: 18    Int: 17    God:    Dithmenos [*.....]
Gold:   356        SH:  0    Dex: 19    Spells: 4 memorised, 10 levels left

rFire  . . .     SeeInvis +     e - +0 dagger (venom)
rCold  . . .     Gourm    .     b - +1 robe
rNeg   . . .     Faith    .     (shield restricted)
rPois  .         Spirit   .     (helmet restricted)
rElec  .         Reflect  .     o - +0 cloak
rCorr  .         Harm     .     (gloves unavailable)
MR     +....                    (boots unavailable)
Stlth  +++++++...               (no amulet)
                                (no ring)
                                (no ring)

@: mighty, lethally poisoned (-4 -> -9), wreathed by umbra, very quick
A: unfitting armour, see invisible, herbivore 3, speed 3, slow metabolism 2
a: Renounce Religion


You were on level 9 of the Dungeon.
You worshipped Dithmenos.
Dithmenos was aware of your devotion.
You were not hungry.

You visited 2 branches of the dungeon, and saw 10 of its levels.

You collected 356 gold pieces.

Inventory:

Hand Weapons
 e - a +0 dagger of venom (weapon)
Armour
 b - a +1 robe (worn)
 o - a +0 cloak (worn)
Wands
 f - a wand of confusion (6/48)
 s - a wand of paralysis (13/24)
 v - a wand of polymorph (5/24)
Scrolls
 g - 4 scrolls of teleportation
 h - 2 scrolls of noise {unknown}
 i - a scroll of fear {unknown}
 j - 2 scrolls of amnesia
 k - 2 scrolls of remove curse
 l - 3 scrolls of enchant weapon {unknown}
 p - 2 scrolls of recharging {unknown}
 u - a scroll of identify
Potions
 m - a potion of lignification
 q - a potion of flight
 t - a potion of berserk rage {unknown}
Books
 a - a book of Cantrips

   Spells                             Type                      Level
   a - Confusing Touch                Hexes                        1
   b - Animate Skeleton               Necromancy                   1
   c - Summon Small Mammal            Summoning                    1
   d - Apportation                    Translocation                1
 c - a book of Maledictions

   Spells                             Type                      Level
   a - Corona                         Hexes                        1
   b - Ensorcelled Hibernation        Hexes/Ice                    2
   c - Confuse                        Hexes                        3
   d - Tukima's Dance                 Hexes                        3
   e - Dazzling Spray                 Conjuration/Hexes            3
 r - a book of Changes

   Spells                             Type                      Level
   a - Beastly Appendage              Transmutation                1
   b - Sticks to Snakes               Transmutation                2
   c - Spider Form                    Transmutation/Poison         3
   d - Ice Form                       Ice/Transmutation            4
   e - Blade Hands                    Transmutation                5
 w - a Young Poisoner's Handbook

   Spells                             Type                      Level
   a - Sting                          Conjuration/Poison           1
   b - Mephitic Cloud                 Conjuration/Poison/Air       3
   c - Olgreb's Toxic Radiance        Poison                       4
   d - Alistair's Intoxication        Transmutation/Poison         5
   e - Venom Bolt                     Conjuration/Poison           5
Comestibles
 d - 6 bread rations


   Skills:
 + Level 1.4 Fighting
 - Level 4.0 Short Blades
 - Level 3.0 Dodging
 + Level 14.4 Stealth
 + Level 5.5 Spellcasting
 + Level 10.7 Hexes


You had 10 spell levels left.
You knew the following spells:

 Your Spells              Type           Power        Failure   Level  Hunger
a - Corona                Hex            #####..      1%          1    None
b - Ensorcelled Hibernat  Hex/Ice        ###...       2%          2    #......
c - Confuse               Hex            #####...     1%          3    ##.....
d - Tukima's Dance        Hex            #####...     1%          3    ##.....


Dungeon Overview and Level Annotations

Branches:
Dungeon (9/15)             Temple (1/1) D:7
   Lair: D:8-11         Orc: D:9-12

Altars:
Ashenzari
Dithmenos
Fedhas
Gozag
Hepliaklqana
Kikubaaqudgha
Makhleb
Okawaru
Qazlal
Ru
Sif Muna
Trog
Uskayaw
Yredelemnul
The Shining One

Annotations:
D:4 Kloppie's ghost, novice DrBe
D:6 1 runed door


Innate Abilities, Weirdness & Mutations

You are very small and have problems with some larger weapons.
You are too small for most types of armour.
You have supernaturally acute eyesight. (SInv)
You are a herbivore.
You cover ground extremely quickly.
You need consume almost no food.


Message History

The killer bee stings you but does no damage.
The killer bee stings you.
* * * LOW HITPOINT WARNING * * *
The killer bee barely misses you. The killer bee stings you.
* * * LOW HITPOINT WARNING * * *
You are poisoned.
The killer bee poisons you!
You feel very mighty all of a sudden.
You feel sick. The killer bee closely misses you. The killer bee stings you.
* * * LOW HITPOINT WARNING * * *
The killer bee misses you. The killer bee barely misses you.
You puncture the killer bee!
You kill the killer bee!
Dithmenos accepts your kill.
* * * LOW HITPOINT WARNING * * *
You feel sick. The killer bee barely misses you.
The killer bee completely misses you. The killer bee stings you.
* * * LOW HITPOINT WARNING * * *
The killer bee stings you.
You die...

░░░.░░░
░≈...≈░ ░..y.
░≈...≈░ ░....
░≈...≈░ ░....
░░ ░≈...≈░.
░...░ ░.░
░≈...≈░..
░....░ ░%░
░≈...≈░
░.░...░y░ ░%░
░≈...≈░
░.....░░.░y░
░≈...≈░
░..@y░░y░ ░$
░░░.░░░
░░y†y░.░░ ░..
░░░░ ░.░
░░.y..░░░░.[.
...░ ░.░
░...........
...░░░.░░░░
░░░.........
..........░
░.......░.
..........░
░.......░
>.........░
░.......░
..........░
░░░░░.......░


You could see 5 killer bees.

Vanquished Creatures
  The ghost of Schimscham the Stinger, a novice OpVM (D:5)
  3 orc warriors
  2 sky beasts
  An ice beast (D:7)
  3 ogres
  A centaur (D:5)
  A crocodile (D:8)
  2 bullfrogs
  A wyvern skeleton (D:6)
  4 scorpions
  16 killer bees
  A howler monkey (D:6)
  3 crimson imps
  A centaur zombie (D:7)
  A bullfrog zombie (D:5)
  A quasit (D:8)
  7 orc priests
  2 orc wizards
  Crazy Yiuf (D:6)
  2 bullfrog skeletons
  A gnoll shaman (D:7)
  Jessica (D:3)
  3 iguanas
  6 worker ants
  2 hound skeletons
  A worker ant zombie (D:6)
  6 gnolls
  4 adders
  2 adder zombies
  2 dart slugs
  2 worms (D:3)
  5 leopard geckos
  19 orcs
  A bat zombie (D:9)
  5 giant cockroaches
  13 goblins
  5 hobgoblins
  8 jackals
  3 quokkas
  6 bats
  7 frilled lizards
  5 kobolds
  A leopard gecko zombie (D:6)
  A quokka skeleton (D:5)
  10 rats
  2 rat zombies (D:9)
175 creatures vanquished.

Vanquished Creatures (collateral kills)
  A killer bee (D:9)
1 creature vanquished.

Grand Total: 176 creatures vanquished

Notes
Turn   | Place    | Note
-------+----------+-------------------------------------------
     0 | D:1      | Lahna the Spriggan Enchanter began the quest for the Orb.
     0 | D:1      | Reached XP level 1. HP: 9/9 MP: 5/5
   154 | D:1      | Reached XP level 2. HP: 13/13 MP: 6/6
   653 | D:2      | Learned a level 2 spell: Ensorcelled Hibernation
   715 | D:2      | Reached skill level 5 in Stealth
   715 | D:2      | Reached XP level 3. HP: 16/16 MP: 4/8
  1291 | D:3      | Noticed an ogre
  1328 | D:3      | Killed an ogre
  1328 | D:3      | Reached skill level 6 in Stealth
  1328 | D:3      | Reached XP level 4. HP: 21/21 MP: 5/9
  1437 | D:3      | Reached XP level 5. HP: 24/24 MP: 10/10
  1574 | D:3      | Found a sacrificial altar of Ru.
  1574 | D:3      | Found a shattered altar of Ashenzari.
  1794 | D:3      | Found a glowing golden altar of the Shining One.
  2126 | D:3      | Reached skill level 7 in Stealth
  2313 | D:3      | Noticed Jessica
  2324 | D:3      | Killed Jessica
  2443 | D:4      | Noticed Kloppie's ghost (novice DrBe)
  2444 | D:4      | Noticed an ogre
  2456 | D:5      | Entered Level 5 of the Dungeon
  2703 | D:5      | Found a stormy altar of Qazlal.
  2800 | D:6      | Found a runed door.
  2800 | D:6      | Noticed Crazy Yiuf
  2802 | D:6      | Killed Crazy Yiuf
  2916 | D:6      | You fall through a shaft for 3 floors!
  2973 | D:8      | Reached XP level 6. HP: 24/28 MP: 12/12
  2978 | D:7      | Noticed a sky beast
  3007 | D:8      | Killed a sky beast
  3007 | D:8      | Reached skill level 8 in Stealth
  3237 | D:7      | Learned a level 3 spell: Confuse
  3241 | D:7      | Learned a level 3 spell: Tukima's Dance
  3376 | D:6      | Found a hazy altar of Hepliaklqana.
  3439 | D:6      | Reached skill level 5 in Hexes
  3464 | D:6      | Reached XP level 7. HP: 32/32 MP: 14/14
  3685 | D:6      | Found a glowing golden altar of the Shining One.
  3685 | D:6      | Found a runed door.
  3685 | D:6      | Noticed an angel
  4076 | D:5      | Reached skill level 9 in Stealth
  4076 | D:5      | Reached skill level 5 in Spellcasting
  4135 | D:5      | Noticed Schimscham's ghost (novice OpVM)
  4542 | D:5      | Killed Schimscham's ghost
  4542 | D:5      | Reached skill level 10 in Stealth
  4542 | D:5      | Reached XP level 8. HP: 27/36 MP: 13/16
  5307 | D:7      | Reached skill level 11 in Stealth
  5615 | D:7      | Reached skill level 12 in Stealth
  5826 | D:7      | Found a staircase to the Ecumenical Temple.
  5832 | Temple   | Entered the Ecumenical Temple
  5862 | Temple   | Became a worshipper of Dithmenos the Shadowed
  6217 | D:7      | Reached XP level 9. HP: 24/39 MP: 14/17
  6683 | D:8      | Reached skill level 13 in Stealth
  7105 | D:8      | Reached skill level 10 in Hexes
  7223 | D:8      | Reached * piety under Dithmenos
  7677 | D:8      | Reached skill level 14 in Stealth
  7695 | D:8      | Found a burning altar of Makhleb.
  7796 | D:9      | Found an ancient bone altar of Kikubaaqudgha.
  7852 | D:9      | Reached skill level 1 in Fighting
  7853 | D:9      | Noticed a queen bee
  7878 | D:9      | HP: 1/41 [killer bee (5)]
  7878 | D:9      | Slain by a killer bee

Skill      XL: |  1  2  3  4  5  6  7  8  9 |
---------------+----------------------------+-----
Hexes          | 4 5 7 9 10 | 10.7
Spellcasting   | 3 4 5 |  5.5
Short Blades   | 2 3 4 |  4.0
Stealth        | 5 6 7 8 10 12 14 | 14.4
Fighting       | 1 |  1.4
Dodging        | |  3.0

Action                   |  1- 3 |  4- 6 |  7- 9 || total
-------------------------+-------+-------+-------++-------
Melee: Dagger            |    71 |   107 |   232 ||   410
 Cast: Ensorcelled Hiber |     4 |     2 |    31 ||    37
       Corona            |     4 |     4 |     4 ||    12
       Confuse           |       |       |    34 ||    34
  Use: Scroll            |       |       |     6 ||     6
       Potion            |       |       |     1 ||     1
 Stab: Sleeping          |    15 |    20 |    41 ||    76
       Distracted        |       |     1 |       ||     1
       Confused          |       |       |    22 ||    22
  Eat: Bread ration      |       |       |     1 ||     1
       Pizza             |       |       |     1 ||     1
Armor: Robe              |     7 |     7 |    19 ||    33
Dodge: Dodged            |    63 |    66 |   162 ||   291
